 Dungeon Crawl Stone Soup version 0.19-b1-5-gdc9fa9d (webtiles) character file.

3145 spe3d0 the Protected (level 9, -9/70 HPs)
             Began as a Minotaur Fighter on Oct 31, 2016.
             Killed from afar by an adder (37 damage)
             ... with an exploding inner flame
             ... hexed by the player character
             ... on level 7 of the Dungeon on Nov 1, 2016.
             The game lasted 00:13:48 (7897 turns).

spe3d0 the Protected (Minotaur Fighter)             Turns: 7897, Time: 00:13:49

Health: -9/70      AC: 14    Str: 20    XL:     9   Next: 62%
Magic:  8/8        EV:  7    Int:  5    God:
Gold:   258        SH: 12    Dex: 16    Spells: 0 memorised, 8 levels left

rFire  . . .     SeeInvis .     a - +0 long sword
rCold  . . .     Gourm    .     k - +1 chain mail {rPois}
rNeg   . . .     Faith    .     c - +0 shield
rPois  +         Spirit   .     (helmet restricted)
rElec  .         Reflect  .     g - +0 cloak
rCorr  +         Harm     .     (no gloves)
MR     .....                    (no boots)
Stlth  ..........               (no amulet)
                                Z - ring of wizardry
                                R - ring of resist corrosion

@: no status effects
A: retaliatory headbutt, horns 2, agile 1
a: no special abilities


You were on level 7 of the Dungeon.
You were hungry.

You visited 2 branches of the dungeon, and saw 8 of its levels.

You collected 258 gold pieces.


Innate Abilities, Weirdness & Mutations

You reflexively headbutt those who attack you in melee.
You have a pair of horns on your head.
You are agile. (Dex +2)


   Skills:
 - Level 3.6 Fighting
 * Level 9.7 Long Blades
 * Level 10.0 Armour
 * Level 10.0 Shields


You had 8 spell levels left.
You didn't know any spells.

Inventory:

Hand Weapons
 a - a +0 long sword (weapon)
Missiles
 h - a throwing net {=f}
 y - 5 curare-tipped needles {=f}
Armour
 b - a +0 scale mail
 c - a +0 shield (worn)
 g - a +0 cloak (worn)
 k - a +1 chain mail of poison resistance (worn)
 z - a +0 cloak
 D - a +0 pair of gloves
Jewellery
 Q - an uncursed ring of stealth
 R - a ring of resist corrosion (left hand)
 Z - a ring of wizardry (right hand)
Wands
 n - a wand of hasting (2/9) {@v3}
Scrolls
 d - a scroll of enchant armour {unknown}
 e - 7 scrolls of identify {unknown}
 i - 4 scrolls of teleportation {unknown}
 j - 5 scrolls of remove curse {unknown}
 l - a scroll of recharging {unknown}
 m - a scroll of random uselessness {unknown}
 p - 2 scrolls of magic mapping {unknown}
 t - a scroll of fog {unknown}
 u - a scroll of amnesia {unknown}
 v - a scroll of immolation {!r}
 B - a scroll of enchant weapon {unknown}
Potions
 s - a potion of degeneration {!q}
Comestibles
 f - a bread ration {@e1}
 o - 2 meat rations {@e1}
 r - 4 fruits {@e2}
 w - a slice of pizza {@e2}
 x - a beef jerky {@e2}

Dungeon Overview and Level Annotations

Branches:
Dungeon (7/15)             Temple (1/1) D:6

Altars:
Cheibriados
Dithmenos
Elyvilon
Fedhas
Gozag
Hepliaklqana
Kikubaaqudgha
Makhleb
Nemelex Xobeh
Qazlal
Sif Muna
Trog
Uskayaw
Xom

Annotations:
D:7 coolio's ghost, novice HuMo

# .. .... ...
....... ..%.
......... .....
......... .....§###
#........
...c§§§@###........
....§§§§§§.........
......§§§§......#
..............###
#.........%...#
#.............##
#.........###†.#
..###....## ##.##
#....# ##.##


You could see a centaur (inner flame).


Message History

The centaur wields a shortbow.
The centaur shoots an arrow.
You block the arrow. You block the adder's attack.
Things that are here:
an arrow; a scale mail You block the killer bee's attack. x3
You see here a runed pearl amulet.
As you read the scroll labeled IWUILE ZUSADOEPS, it crumbles to dust.
The creatures around you are filled with an inner flame!
It was a scroll of immolation.
The killer bee barely misses you. x2
You riposte.
You miss the killer bee. You block the killer bee's attack.
The adder barely misses you. You furiously retaliate!
You headbutt the adder.
You riposte.
You hit the adder.
The adder explodes!
The fiery explosion engulfs the killer bee.
The killer bee explodes!
The fiery explosion engulfs the scorpion.
The scorpion explodes!
The fiery explosion engulfs the killer bee.
The killer bee explodes!
The fiery explosion engulfs you!
Your Shields skill increases to level 10!
The fiery explosion engulfs you!
The fiery explosion engulfs the killer bee.
The killer bee explodes!
The fiery explosion engulfs you!
* * * LOW HITPOINT WARNING * * *
Your Armour skill increases to level 10!
The fiery explosion engulfs you!
Ouch! That really hurt!
You die...

Skill      XL: |  1  2  3  4  5  6  7  8  9 |
---------------+----------------------------+-----
Armour         | 4 5 6 8 10 | 10.0
Shields        | 4 5 6 8 10 | 10.0
Long Blades    | 3 4 5 7 8 9 |  9.7
Fighting       | |  3.6

Action                   |  1- 3 |  4- 6 |  7- 9 || total
-------------------------+-------+-------+-------++-------
Melee: Long sword        |    76 |   103 |   325 ||   504
       Headbutt          |    10 |    21 |    80 ||   111
  Use: Potion            |     1 |     1 |    11 ||    13
       Scroll            |       |       |     1 ||     1
 Stab: Invisible         |       |     1 |       ||     1
  Eat: Chunk             |     1 |     4 |     4 ||     9
       Bread ration      |       |       |     3 ||     3
Armor: Scale mail        |    36 |    57 |   127 ||   220
       Chain mail        |       |       |    12 ||    12
Dodge: Dodged            |    23 |    24 |   116 ||   163
Block: Shield            |    30 |    52 |   216 ||   298
       Rpst.: Long sword |     8 |     8 |    26 ||    42

Vault maps used:
D:1:      co_arrival_random_square_maze
D:2:      corexii_hall_statues_l, uniq_crazy_yiuf_cottage
D:3:      lemuel_doored_altar, kennysheep_slug_shrine, first_bread,
          serial_bayou_pond_a, uniq_sigmund
D:4:      kiku_gazebo_garden_becter, kennysheep_cross_room, glass_columns_a,
          fountainhead
D:5:      old_standard_altar, uniq_pikel
D:6:      bloody_trog, minivault_23, uniq_blork_the_orc
D:7:      nicolae_tso_swordbearing_angel
Temple:   compressed_dpeg_triangle_lava_temple

Notes
Turn   | Place    | Note
-------+----------+-------------------------------------------
     0 | D:1      | spe3d0 the Minotaur Fighter began the quest for the Orb.
     0 | D:1      | Reached XP level 1. HP: 19/19 MP: 0/0
   136 | D:1      | Reached XP level 2. HP: 23/26 MP: 1/1
   261 | D:1      | Reached skill level 4 in Armour
   302 | D:1      | Reached skill level 4 in Shields
   306 | D:1      | Reached skill level 3 in Long Blades
   532 | D:1      | Reached XP level 3. HP: 31/31 MP: 2/2
   831 | D:2      | Found a runed door.
  1257 | D:2      | Noticed Crazy Yiuf
  1264 | D:2      | Killed Crazy Yiuf
  1264 | D:2      | Reached XP level 4. HP: 21/39 MP: 3/3
  1529 | D:3      | Found a deep blue altar of Sif Muna.
  1529 | D:3      | Noticed Dart's ghost (amateur DgAE)
  1565 | D:3      | Killed Dart's ghost
  1565 | D:3      | Reached skill level 4 in Long Blades
  1565 | D:3      | Reached skill level 5 in Armour
  1565 | D:3      | Reached skill level 5 in Shields
  1565 | D:3      | Reached XP level 5. HP: 5/45 MP: 4/4
  1565 | D:3      | Reached XP level 6. HP: 6/51 MP: 5/5
  1964 | D:3      | Reached skill level 5 in Long Blades
  2246 | D:3      | Noticed Sigmund
  2269 | D:3      | Killed Sigmund
  2269 | D:3      | Reached skill level 6 in Armour
  2269 | D:3      | Reached skill level 6 in Shields
  2505 | D:3      | Found a snail-covered altar of Cheibriados.
  2658 | D:3      | Reached XP level 7. HP: 57/57 MP: 6/6
  3102 | D:4      | Reached skill level 6 in Long Blades
  3843 | D:4      | Reached skill level 7 in Shields
  3848 | D:4      | Found an ancient bone altar of Kikubaaqudgha.
  4341 | D:5      | Entered Level 5 of the Dungeon
  4376 | D:5      | Reached skill level 7 in Armour
  4690 | D:5      | Noticed Pikel
  4702 | D:4      | Gained mutation: You are agile. (Dex +2) [potion of beneficial mutation]
  4709 | D:4      | Killed Pikel
  4709 | D:4      | Reached skill level 7 in Long Blades
  4709 | D:4      | Reached skill level 8 in Armour
  4709 | D:4      | Reached skill level 8 in Shields
  4709 | D:4      | Reached XP level 8. HP: 27/64 MP: 7/7
  5064 | D:5      | Reached skill level 8 in Long Blades
  5296 | D:5      | Found a blossoming altar of Fedhas.
  5845 | D:6      | Reached XP level 9. HP: 61/70 MP: 8/8
  5925 | D:6      | Reached skill level 9 in Armour
  5925 | D:6      | Reached skill level 9 in Shields
  6034 | D:6      | Reached skill level 9 in Long Blades
  6139 | D:6      | Noticed Blork the orc
  6146 | D:6      | Killed Blork the orc
  6724 | D:6      | HP: 5/70 [orc priest/divine providence (11)]
  6728 | D:6      | HP: 2/70 [orc priest (4)]
  7010 | D:6      | Found a staircase to the Ecumenical Temple.
  7022 | D:6      | Found a bloodstained altar of Trog.
  7063 | Temple   | Entered the Ecumenical Temple
  7415 | D:7      | Noticed coolio's ghost (novice HuMo)
  7897 | D:7      | Reached skill level 10 in Shields
  7897 | D:7      | Reached skill level 10 in Armour
  7897 | D:7      | Killed from afar by an adder

Vanquished Creatures
  Pikel (D:4)
  The ghost of Dart the Gusty, an amateur DgAE (D:3)
  A hippogriff (D:7)
  Sigmund (D:3)
  An orc warrior (D:6)
  2 ogres
  A black bear (D:5)
  A phantom (D:4)
  6 centaurs
  Blork the orc (D:6)
  A bullfrog (D:4)
  4 scorpions
  3 killer bees (D:7)
  4 crimson imps
  3 hounds
  A jelly (D:3)
  A gnoll shaman (D:6)
  2 orc priests (D:6)
  Crazy Yiuf (D:2)
  An orc wizard (D:3)
  3 worker ants (D:4)
  A killer bee zombie (D:6)
  A hound zombie (D:5)
  10 gnolls
  8 adders
  4 dart slugs
  A leopard gecko (D:5)
  15 orcs
  4 giant cockroaches
  5 hobgoblins
  9 jackals
  5 kobolds
  3 quokkas
  A ball python (D:2)
  9 bats
  7 frilled lizards
  7 goblins
  A jackal zombie (D:5)
  8 rats
139 creatures vanquished.

Vanquished Creatures (others)
  A leopard gecko (D:3)
  A plant (D:3)
2 creatures vanquished.

Grand Total: 141 creatures vanquished
